 Dungeon Crawl Stone Soup version 0.25-a0-458-g6fc7858b95 (webtiles) character file.

467 HyperPerson7 the Skirmisher (level 7, 50/50 HPs)
             Began as an Octopode Wanderer on June 21, 2018.
             Was a Priest of Elyvilon.
             Quit the game on level 5 of the Dungeon on Feb 2, 2020.
             The game lasted 01:05:13 (7316 turns).

HyperPerson7 the Skirmisher (Octopode Wanderer)     Turns: 7316, Time: 01:05:14

Health: 50/50      AC:  1    Str: 11    XL:     7   Next: 8%
Magic:  8/8        EV: 14    Int: 15    God:    Elyvilon [***...]
Gold:   253        SH:  3    Dex: 13    Spells: 7/8 levels left

rFire    . . .     SeeInvis .   a - +2 spear
rCold    . . .     Gourm    .   (no shield)
rNeg     . . .     Faith    .   (helmet restricted)
rPois    .         Spirit   .   h - +3 amulet of reflection
rElec    .         Reflect  +   (no ring)
rCorr    .         Harm     .   (no ring)
MR       .....                  (no ring)
Stlth    ++++......             (no ring)
HPRegen  0.16/turn              (no ring)
MPRegen  0.11/turn              (no ring)
                                (no ring)
                                (no ring)

@: no status effects
A: almost no armour, stealthy swim, amphibious, 8 rings, constrict 8, camouflage
1, gelatinous body 1
a: Lesser Healing, Heal Other, Purification, Divine Protection, Renounce
Religion


You were on level 5 of the Dungeon.
You worshipped Elyvilon.
Elyvilon was most pleased with you.
You were not hungry.

You visited 2 branches of the dungeon, and saw 6 of its levels.

You collected 253 gold pieces.

Inventory:

Hand Weapons
 a - a +2 spear (weapon)
 q - a +0 hunting sling
 v - a +0 hand crossbow
Missiles
 g - 9 poisoned darts
 i - 9 sling bullets
 k - 71 stones (quivered)
Jewellery
 d - an uncursed ring of ice
 h - a +3 amulet of reflection (around mantle)
Wands
 m - a wand of acid (5)
Scrolls
 f - 2 scrolls of enchant armour
 j - a scroll of enchant weapon
 n - a scroll of immolation {unknown}
 o - a scroll of amnesia
 p - a scroll of fog
 r - 4 scrolls of remove curse
 t - 2 scrolls of teleportation
 x - a scroll of blinking
Potions
 b - a potion of magic
 c - 3 potions of curing
 l - 2 potions of lignification {!q}
 s - a potion of mutation {!q}
 u - a potion of flight
Comestibles
 e - 10 rations


   Skills:
 - Level 5.1 Fighting
 * Level 4.0 Polearms
 - Level 2.2 Throwing
 - Level 3.0 Dodging
 - Level 5.0 Stealth
 - Level 1.2 Spellcasting
   Level 1.0 Hexes
   Level 1.0 Earth Magic
 + Level 2.1 Invocations


You had 7 spell levels left.
You knew the following spells:

 Your Spells              Type           Power        Failure   Level  Hunger
p - Apportation           Tloc           #.....       24%         1    ##.....

Your spell library contained the following spells:

 Spells                   Type           Power        Failure   Level  Hunger
 Lesser Beckoning         Tloc           #.........   58%         3    ####...


Dungeon Overview and Level Annotations

Branches:
Dungeon (5/15)             Temple (1/1) D:5

Altars:
Ashenzari
Cheibriados
Dithmenos
Elyvilon
Hepliaklqana
Nemelex Xobeh
Okawaru
Ru
Sif Muna
Xom
Yredelemnul
The Shining One

Annotations:
D:1 3925 exclusions
D:2 3662 exclusions
D:3 2318 exclusions
D:4 3 runed doors, 4738 exclusions, Amnesiac's ghost, weakling SpMo; Sigmund
D:5 829 exclusions, Duvessa
Temple 2368 exclusions


Innate Abilities, Weirdness & Mutations

You cannot wear most types of armour.
You are very stealthy in the water. (Stealth+)
You are amphibious.
You can wear up to eight rings at the same time.
You can use your tentacles to constrict eight enemies at once.
Your skin changes colour to match your surroundings (Stealth+).
Your rubbery body absorbs attacks. (AC +1, EV +1)


Message History

Unknown command.
Unknown command.
Unknown command.
Unknown command.
Unknown command.
Unknown command.
Unknown command.
Unknown command.
Unknown command.
Unknown command.
Unknown command.
Unknown command.
Unknown command.
Unknown command.
Unknown command.
Unknown command.
Unknown command.
Unknown command.
Unknown command.
Are you sure you want to abandon this character and quit the game? (Confirm with "yes".)

#........# #.... #........# #....
#........# ##..# #........# ##.#
#........# #.# #........# #..
#........# #..
#........############# #..
#..<.....#......@....##########..
+........#.#####.......##....##..
#............# #.......##.>......
##.##.#.#.##.# #.......##...###.#
##.##.#....#.# #.......###### #.#
...##.######.# #.......# #.#
......#......# #.......# #.#
#.#####.###### #.......# #.#
#.>...#.# ###.......# #..


There were no monsters in sight!

Vanquished Creatures
  A jelly (D:4)
  A crimson imp (D:5)
  A centaur skeleton (D:4)
  Jessica (D:2)
  An iguana (D:5)
  Ijyb (D:5)
  3 worker ants (D:5)
  A hound skeleton (D:4)
  6 adders
  6 oozes
  An adder zombie (D:5)
  2 worms
  3 dart slugs
  4 leopard geckos
  4 orcs
  11 bats
  A giant cockroach (D:1)
  10 hobgoblins
  7 jackals
  17 kobolds
  4 quokkas
  2 ball pythons
  2 frilled lizards
  11 goblins
  A jackal skeleton (D:4)
  A leopard gecko skeleton (D:4)
  7 rats
  A butterfly (D:5)
111 creatures vanquished.

Vanquished Creatures (others)
  A giant cockroach (D:5)
  A fungus (D:2)
  12 toadstools (D:2)
14 creatures vanquished.

Grand Total: 125 creatures vanquished

Notes
Turn   | Place    | Note
-------+----------+-------------------------------------------
     0 | D:1      | HyperPerson7 the Octopode Wanderer began the quest for the
                  | Orb.
     0 | D:1      | HyperPerson7 set off with: a +2 spear, a potion of
                  | lignification {!q}, a ration
     0 | D:1      | Reached XP level 1. HP: 18/18 MP: 2/2
   301 | D:1      | Reached XP level 2. HP: 24/24 MP: 3/3
   450 | D:1      | Learned a level 1 spell: Apportation
   646 | D:1      | Reached skill level 1 in Polearms
   981 | D:1      | Reached XP level 3. HP: 29/29 MP: 4/4
  1938 | D:2      | Reached skill level 1 in Dodging
  2353 | D:2      | Reached XP level 4. HP: 35/35 MP: 5/5
  2559 | D:2      | Found a white marble altar of Elyvilon.
  2565 | D:2      | Noticed Jessica
  2585 | D:2      | Killed Jessica
  2596 | D:2      | Became a worshipper of Elyvilon the Healer
  2875 | D:2      | Reached skill level 1 in Stealth
  2940 | D:2      | Reached XP level 5. HP: 35/39 MP: 6/6
  4395 | D:4      | Reached * piety under Elyvilon
  4411 | D:4      | Found a runed gate.
  4411 | D:4      | Found a runed gate.
  4411 | D:4      | Found a runed gate.
  4421 | D:4      | Noticed a wyvern
  4498 | D:4      | Noticed Amnesiac's ghost (weakling SpMo)
  4500 | D:4      | Noticed a phantom
  4513 | D:4      | Found a shadowy altar of Dithmenos.
  4523 | D:4      | Reached skill level 5 in Stealth
  4523 | D:4      | Reached XP level 6. HP: 45/45 MP: 7/7
  4766 | D:4      | Reached ** piety under Elyvilon
  4769 | D:4      | Noticed Sigmund
  5343 | D:5      | Entered Level 5 of the Dungeon
  5534 | D:5      | Found a staircase to the Ecumenical Temple.
  5544 | Temple   | Entered the Ecumenical Temple
  6310 | D:5      | Reached skill level 1 in Invocations
  6315 | D:5      | Noticed Ijyb
  6336 | D:5      | Killed Ijyb
  6665 | D:5      | Noticed Duvessa
  6769 | D:5      | Found a sparkling altar of Nemelex Xobeh.
  6772 | D:5      | Reached XP level 7. HP: 50/50 MP: 8/8
  6891 | D:5      | Reached *** piety under Elyvilon
  6961 | D:5      | Upgraded the game from 0.22-a0-525-gf69a080 to
                  | 0.23-a0-207-g93a313e
  7039 | D:5      | Upgraded the game from 0.23-a0-207-g93a313e to
                  | 0.23-a0-584-g44dd78f
  7039 | D:5      | Upgraded the game from 0.23-a0-584-g44dd78f to
                  | 0.24-a0-420-g24607be9ce
  7039 | D:5      | Upgraded the game from 0.24-a0-420-g24607be9ce to
                  | 0.25-a0-458-g6fc7858b95
  7316 | D:5      | Quit the game

Levels and vault maps discovered:
D:1:      dpeg_arrival_subterranean_lakeside_camping,
          hangedman_abyss_or_decor_stabs
D:2:      cheibrodos_fertilizer, elyvilon_altar_1, uniq_jessica
D:4:      kennysheep_mini, gammafunk_ghost_split, lemuel_tele_altar,
          uniq_sigmund
D:5:      lemuel_doored_altar, minmay_temple_entry_butterflies, first_ration,
          basic_altar, uniq_duvessa, uniq_ijyb
Temple:   minmay_temple_forest_path

Skill      XL: |  1  2  3  4  5  6  7 |
---------------+----------------------+-----
Polearms       | 1 2 3 4 |  4.0
Dodging        | 1 3 |  3.0
Stealth        | 1 5 |  5.0
Invocations    | 1 2 |  2.1
Fighting       | |  5.1
Throwing       | |  2.2
Spellcasting   | |  1.2
Hexes          | |  1.0
Earth Magic    | |  1.0

Action                   |  1- 3 |  4- 6 |  7- 9 || total
-------------------------+-------+-------+-------++-------
Melee: Spear             |    80 |   216 |     5 ||   301
       Constrict         |    18 |    38 |     1 ||    57
       Tentacles         |     5 |    26 |     1 ||    32
Throw: Stone             |    24 |    91 |       ||   115
 Cast: Apportation       |    11 |     5 |       ||    16
Invok: Heal Other        |       |     3 |       ||     3
       Lesser Healing    |       |     1 |       ||     1
  Use: Scroll            |     5 |     9 |       ||    14
       Potion            |       |     1 |       ||     1
 Stab: Sleeping          |     5 |     5 |       ||    10
  Eat: Chunk             |     5 |    11 |       ||    16
       Ration            |       |     1 |     1 ||     2
Armor: Skin              |     4 |     6 |       ||    10
Dodge: Dodged            |    31 |    79 |     3 ||   113
Block: Other             |       |    13 |       ||    13
       Reflection        |       |     1 |       ||     1

Table legend:
 A = Non-vault XP
 B = Vault XP
 C = Vault XP percentage of total XP
 D = Non-vault monster count
 E = Vault monster count
 F = Vault count percentage of total count
                 A         B        C        D         E       F
            +---------+---------+-------+---------+---------+-------
      Total |     668 |       0 |   0.0 |     110 |       0 |   0.0
            +---------+---------+-------+---------+---------+-------
        D:1 |      56 |       0 |   0.0 |      28 |       0 |   0.0
        D:2 |     160 |       0 |   0.0 |      41 |       0 |   0.0
        D:3 |      75 |       0 |   0.0 |      23 |       0 |   0.0
        D:4 |     154 |       0 |   0.0 |      11 |       0 |   0.0
        D:5 |     223 |       0 |   0.0 |       7 |       0 |   0.0
            +---------+---------+-------+---------+---------+-------
